 Dungeon Crawl Stone Soup version 0.31.0-4-g52a2dc7128 (webtiles) character file.

Game seed: 5495642930564745598

733 MollyMolluskus the Ruffian (level 7, -1/49 HPs)
             Began as an Octopode Fighter on Jan 22, 2024.
             Was an Initiate of Wu Jian.
             Slain by an ice beast (7 damage)
             ... on level 5 of the Dungeon.
             The game lasted 00:09:35 (3550 turns).

MollyMolluskus the Ruffian (Octopode Fighter)       Turns: 3550, Time: 00:09:36

Health: -1/49      AC:  1    Str: 24    XL:     7   Next: 74%
Magic:  7/7        EV: 14    Int: 10    God:    Wu Jian [......]
Gold:   185        SH:  5    Dex: 11    Spells: 6/6 levels left

rFire   . .          .
                       - Unarmed
rCold   . . .        a - +1 buckler
rNeg    . . .        (helmet restricted)
rPois   .            (no amulet)
rElec   .            g - +6 ring of strength
rCorr   .            (no ring)
SInv    .            (no ring)
Will    .....        (no ring)
Stlth   +++          (no ring)
HPRegen 0.28/turn    (no ring)
MPRegen 0.10/turn    (no ring)
                     (no ring)

%: no passive effects
@: no status effects
A: almost no armour, amphibious, 8 rings, camouflage 1, gelatinous body 1,
(nimble swimmer 1), tentacles
a: Renounce Religion


You were on level 5 of the Dungeon.
You worshipped Wu Jian.
Wu Jian was noncommittal.
You visited 2 branches of the dungeon, and saw 6 of its levels.

You collected 211 gold pieces.
You spent 26 gold pieces at shops.

Inventory:

Missiles
 l - 2 boomerangs (quivered)
Armour
 a - a +1 buckler (worn)
Jewellery
 g - a +6 ring of strength (left tentacle)
Wands
 c - a wand of quicksilver (9)
 f - a wand of flame (19)
Scrolls
 d - 2 scrolls of identify
 e - a scroll of teleportation
 k - 2 scrolls of fog
Potions
 b - a potion of might
 h - a potion of cancellation
 i - a potion of resistance
 j - a potion of heal wounds
 m - a potion of haste


   Skills:
 + Level 4.7 Fighting
 + Level 4.7 Dodging
 - Level 4.0 Stealth
 - Level 4.0 Shields
 * Level 5.3 Unarmed Combat


You had 6 spell levels left.
You didn't know any spells.
Your spell library contained the following spells:

 Spells                   Type           Power      Damage    Failure   Level
 Kiss of Death            Conj/Necr      0%         2d5       41%         1
 Slow                     Hex            0%         N/A       41%         1
 Confusing Touch          Hex            0%         N/A       80%         3
 Sigil of Binding         Hex            0%         N/A       80%         3
 Vampiric Draining        Necr           0%         2d6       80%         3
 Dispel Undead            Necr           0%         3d6       99%         4
 Leda's Liquefaction      Alch/Erth      0%         N/A       99%         4
 Lee's Rapid Deconstruct  Erth           0%         3d4*      100%        5
 Bombard                  Conj/Erth      0%         9d1       100%        6


Dungeon Overview and Level Annotations

Branches:
Dungeon (5/15)             Temple (1/1) D:4

Altars:
Cheibriados
Elyvilon
Fedhas
Gozag
Hepliaklqana
Makhleb
Nemelex Xobeh
Okawaru
Qazlal
Ru
Sif Muna
Trog
Uskayaw
Wu Jian
Zin
The Shining One

Shops:
D:2 :?

Annotations:
D:3 1 runed translucent door, Crazy Yiuf
D:5 Dowan, Duvessa


Innate Abilities, Weirdness & Mutations

You cannot wear most types of armour.
You are amphibious.
You can wear up to eight rings at the same time.
Your skin changes colour to match your surroundings (Stealth+).
Your rubbery body absorbs attacks. (AC +1, EV +1)
((You are camouflaged when in or above water. (Stealth+)))
You have tentacles for arms and can constrict up to eight enemies at once.


Message History

Unknown command.
You tentacle-slap the ice beast.
The ice beast is lightly wounded.
You closely miss the ice beast.
The ice beast is lightly wounded.
The ice beast hits you. The ice beast freezes you!
You tentacle-slap the ice beast but do no damage.
Your tentacle-slap misses the ice beast.
The ice beast is lightly wounded.
You block the ice beast's attack.
You tentacle-slap the ice beast.
The ice beast is moderately wounded.
The ice beast hits you. The ice beast freezes you!
You tentacle-slap the ice beast but do no damage.
The ice beast is moderately wounded.
The ice beast closely misses you.
You tentacle-slap the ice beast but do no damage.
Your squeeze misses the ice beast.
The ice beast is moderately wounded.
The ice beast hits you. The ice beast freezes you!
You closely miss the ice beast. You squeeze the ice beast.
The ice beast is moderately wounded.
The ice beast misses you.
You tentacle-slap the ice beast.
Your tentacle-slap misses the ice beast.
The ice beast is heavily wounded.
The ice beast barely misses you.
You tentacle-slap the ice beast but do no damage.
Your tentacle-slap misses the ice beast.
The ice beast is heavily wounded.
The ice beast hits you.
* * * LOW HITPOINT WARNING * * *
The ice beast freezes you.
* * * LOW HITPOINT WARNING * * *
You barely miss the ice beast.
The ice beast is heavily wounded.
The ice beast hits you.
* * * LOW HITPOINT WARNING * * *
The ice beast freezes you!
You die...

.........#....#..##.....
e........#.....#..#.....
#.............#.##.....
###.................# e
................$###
..##................#
................##.##
#............#......#
##....Y@...#......#
.....#..###..###...##
.......## ...# ##.#
......# #..# ## .5.[##
#### ..## .


You could see an ice beast.

Vanquished Creatures
  Menkaure (D:4)
  An ogre (D:4)
  2 scorpions (D:4)
  A bombardier beetle (D:4)
  A hound (D:2)
  An orc priest (D:4)
  2 jellies
  Jessica (D:3)
  Natasha (twice) (D:4)
  An iguana (D:4)
  An orc wizard (D:4)
  4 gnolls (D:3)
  An adder (D:2)
  A white imp (D:5)
  A dart slug (D:2)
  2 ribbon worms (D:3)
  3 orcs
  9 endoplasms
  3 giant cockroaches
  16 goblins
  8 hobgoblins
  3 jackals (D:4)
  5 kobolds
  6 quokkas
  5 ball pythons
  7 bats
  7 frilled lizards
  2 rats (D:1)
97 creatures vanquished.

Notes
Turn   | Place    | Note
-------+----------+-------------------------------------------
     0 | D:1      | MollyMolluskus the Octopode Fighter began the quest for the
                  | Orb.
     0 | D:1      | Reached XP level 1. HP: 16/16 MP: 1/1
   149 | D:1      | Reached XP level 2. HP: 19/21 MP: 2/2
   178 | D:1      | Reached skill level 1 in Stealth
   353 | D:1      | Found a faded altar of an unknown god.
   361 | D:1      | Reached XP level 3. HP: 26/26 MP: 3/3
   977 | D:2      | Reached skill level 3 in Unarmed Combat
   977 | D:2      | Reached XP level 4. HP: 17/31 MP: 4/4
  1076 | D:2      | Found Rirez Ela's Magic Scroll Shop.
  1126 | D:2      | Bought a scroll of identify for 26 gold pieces
  1200 | D:2      | Found Cunuh's Book Shop.
  1630 | D:3      | Reached XP level 5. HP: 19/36 MP: 5/5
  1784 | D:3      | Found a runed translucent door.
  1785 | D:3      | Noticed Crazy Yiuf
  1875 | D:3      | Noticed Jessica
  1882 | D:3      | Killed Jessica
  2387 | D:4      | Noticed Menkaure
  2397 | D:4      | Killed Menkaure
  2398 | D:4      | Reached skill level 4 in Unarmed Combat
  2398 | D:4      | Reached XP level 6. HP: 18/43 MP: 6/6
  2550 | D:4      | Noticed Natasha
  2560 | D:4      | Killed Natasha
  2654 | D:4      | Reached XP level 7. HP: 30/48 MP: 7/7
  2696 | D:4      | Noticed Natasha
  2768 | D:4      | Found an opulent altar of Gozag.
  3026 | D:4      | Killed Natasha
  3130 | D:4      | Reached skill level 5 in Unarmed Combat
  3434 | D:4      | Found a staircase to the Ecumenical Temple.
  3441 | Temple   | Entered the Ecumenical Temple
  3459 | Temple   | Became a worshipper of the Wu Jian Council
  3510 | D:5      | Entered Level 5 of the Dungeon
  3536 | D:5      | Noticed Dowan
  3538 | D:5      | Noticed Duvessa
  3550 | D:5      | Slain by an ice beast

Illustrated notes

Levels and vault maps discovered:
D:1:      elethiomel_arrival_maze, layout_loops_ring,
          ebering_ecumenical_altar_box, minmay_strange_pillars, moated_statue,
          kennysheep_nondescript
D:2:      layout_rooms, serial_shops, nicolae_diamond_shop,
          nicolae_shop_advertising_works [nicolae_subvault_shop_adworks]
D:3:      layout_loops_ring, uniq_crazy_yiuf_cottage, uniq_jessica
D:4:      layout_basic, nicolae_gozag_cash_rules_everything_around_me,
          minmay_temple_entry_statues_pillars, minmay_ogre_servants,
          uniq_menkaure, uniq_natasha
D:5:      layout_cave_pools, yredelemnul_forgotten_temple_becter, uniq_duvessa
Temple:   hellmonk_temple_of_storms

Skill      XL: |  1  2  3  4  5  6  7 |
---------------+----------------------+-----
Stealth        | 1 2 3 4 |  4.0
Unarmed Combat | 3 4 5 |  5.3
Dodging        | 4 |  4.7
Fighting       | 4 |  4.7
Shields        | 4 |  4.0

Action                     |  1- 3 |  4- 6 |  7- 9 || total
---------------------------+-------+-------+-------++-------
  Melee: Unarmed           |    67 |    95 |    55 ||   217
         Constrict         |    15 |    23 |    10 ||    48
         Tentacles         |    18 |    18 |    13 ||    49
         Punch             |       |     5 |     1 ||     6
  Throw: Stone             |       |     2 |       ||     2
         Boomerang         |       |       |     2 ||     2
Ability: Lunge             |       |       |     3 ||     3
  Evoke: Wand              |       |     1 |       ||     1
    Use: Scroll            |     5 |     5 |     3 ||    13
         Potion            |       |     2 |       ||     2
   Stab: Sleeping          |    11 |     6 |     2 ||    19
         Distracted        |       |     1 |       ||     1
 Armour: Skin              |    18 |    50 |    11 ||    79
  Dodge: Dodged            |    31 |    39 |    19 ||    89
  Block: Buckler           |     8 |    19 |     9 ||    36
